[Event "*** SCC Grand Prix: Titled Tuesday Blitz"]
[Site "Chess.com"]
[Date "2020.07.21"]
[Round "5"]
[White "Rap_woyska"]
[Black "Oglob71"]
[Result "0-1"]
[WhiteElo "2364"]
[BlackElo "2518"]
[TimeControl "180+1"]
[EndTime "10:54:12 PDT"]
[Termination "Oglob71 won by resignation"]

1. c4 Nf6 2. Nf3 e6 3. e3 b6 4. b3 Bb7 5. Bb2 Be7 6. Nc3 O-O 7. d4 d5 8. Bd3 Nbd7 9. O-O c5 10. cxd5 Nxd5 11. Ne4 N7f6 12. Qb1 h6 13. Rd1 Nb4 14. Nxf6+ Bxf6 15. Bh7+ Kh8 16. Be4 Bxe4 17. Qxe4 Qd5 18. Qxd5 Nxd5 19. Ne5 Bxe5 20. dxe5 Rfd8 21. Kf1 Nb4 22. a3 Nc6 23. Ke2 Rxd1 24. Rxd1 Rd8 25. Rxd8+ Nxd8 26. Kd3 b5 27. a4 a6 28. Ba3 Nb7 29. f4 Kg8 30. g4 Kf8 31. b4 c4+ 32. Kd4 Ke7 33. h4 g6 34. e4 h5 35. gxh5 gxh5 36.
f5 Kd7 37. Bc1 Kc6 38. Bg5 a5 39. axb5+ Kxb5 40. bxa5 Nxa5 41. Bc1 Nc6+ 42. Ke3 Nxe5 43. Bb2 Nd3 44. Bc3 e5 45. f6 Ka4 0-1

[Event "*** SCC Grand Prix: Titled Tuesday Blitz"]
[Site "Chess.com"]
[Date "2020.07.21"]
[Round "5"]
[White "csati17"]
[Black "M1711"]
[Result "1-0"]
[WhiteElo "2624"]
[BlackElo "2417"]
[TimeControl "180+1"]
[EndTime "10:54:16 PDT"]
[Termination "csati17 won on time"]

1. c4 e6 2. Nf3 Nf6 3. g3 d5 4. Bg2 Be7 5. O-O O-O 6. b3 b6 7.
Bb2 c5 8. e3 Nc6 9. Nc3 Ba6 10.
Qe2 Qd7 11. Nb5 Rad8 12. Rfd1 d4 13. exd4 Bxb5 14. cxb5 Nxd4 15. Bxd4 cxd4 16. Ne5 d3 17. Qe3 Qd6 18. Rac1 Rc8 19. Nc6 Rc7 20. Rc4 Nd5 21.
Qxd3 a6 22. a4 axb5 23. axb5 Bf6 24. Ra4 g6 25. Ra6 Qc5 26. Qc4 Kg7 27. d4 Qd6 28. Bxd5 exd5 29. Qd3 1-0

[Event "*** SCC Grand Prix: Titled Tuesday Blitz"]
[Site "Chess.com"]
[Date "2020.07.21"]
[Round "5"]
[White "jacky72"]
[Black "Joseacorrea"]
[Result "1-0"]
[WhiteElo "2621"]
[BlackElo "1970"]
[TimeControl "180+1"]
[EndTime "10:54:16 PDT"]
[Termination "jacky72 won on time"]

1. Nf3 d5 2. d4 Nf6 3. c4 e6 4.
Nc3 c6 5. cxd5 exd5 6. Bg5 Be7 7. Qc2 O-O 8. e3 h6 9. Bh4 Nbd7 10. Bd3 Re8 11. O-O Nf8 12. Ne5 N6d7 13. Bg3 Nxe5 14. Bxe5 Bd6 15. Bxd6 Qxd6 16. Rab1 a5 17. a3 Bg4 18. b4 axb4 19. axb4 Bh5 20. b5 Bg6 21. bxc6 bxc6 22. Bxg6 Nxg6 23. Na4 Reb8 24. Rxb8+ Rxb8 25.
Rc1 Ne7 26. h3 Rc8 27. Nc5 Rb8 28. Ra1 Qg6 29. Qxg6 Nxg6 30. Ra6 Rb1+ 31. Kh2 Rb2 32. Kg3 Ne7 33. Ra7 Nf5+ 34. Kf3 Nh4+ 35. Kg3 Nf5+ 36. Kf3 Nh4+ 37. Kg4 Ng6 38. Kg3 f5 39. Ne6 1-0

[Event "*** SCC Grand Prix: Titled Tuesday Blitz"]
[Site "Chess.com"]
[Date "2020.07.21"]
[Round "5"]
[White "PotapovaM"]
[Black "GMJustin"]
[Result "1-0"]
[WhiteElo "2470"]
[BlackElo "2299"]
[TimeControl "180+1"]
[EndTime "10:54:17 PDT"]
[Termination "PotapovaM won on time"]

1. d4 d5 2. c4 dxc4 3. e4 c5 4. d5 e6 5. Bxc4 Nf6 6. Nc3 exd5 7. exd5 Bd6 8. Nf3 O-O 9. O-O a6 10. Bg5 b5 11. Bd3 h6 12. Bh4 Re8 13. Bc2 Be7 14. Qd3 c4 15. Qd2 Bb7 16. Rad1 b4 17. Na4 Nxd5 18. Bg3 Nd7 19. Nd4 Qa5 20. Nf5 Bf8 21. Qd4 Rad8 22. Qg4 N7f6 23. Nxh6+ Kh8 24. Nxf7+ Kg8 25.
Qg6 b3 26. axb3 cxb3 27. Bxb3 Qb5 28. Nxd8 Rxd8 29. Bc2 Qb4 30. Nc3 1-0

[Event "*** SCC Grand Prix: Titled Tuesday Blitz"]
[Site "Chess.com"]
[Date "2020.07.21"]
[Round "5"]
[White "Anna_ChessMate"]
[Black "Fischerev7"]
[Result "1-0"]
[WhiteElo "2509"]
[BlackElo "2351"]
[TimeControl "180+1"]
[EndTime "10:54:18 PDT"]
[Termination "Anna_ChessMate won by resignation"]

1. d4 Nf6 2. c4 e6 3. Nf3 b6 4. g3 Ba6 5. Qc2 Bb7 6. Bg2 Be7 7. O-O O-O 8. Nc3 c5 9. e4 d6 10. d5 e5 11. h3 Nbd7 12. Be3 Ne8 13. Nd2 g6 14. f4 Bf6 15. Rae1 Bg7 16. Nf3 a6 17. fxe5 Nxe5 18. b3 Qe7 19. Ne2 b5 20. Nf4 Nf6 21.
Nxe5 Qxe5 22. Nd3 Qe7 23. e5 Nd7 24. exd6 Qxd6 25. Qf2 Rae8 26. Kh2 Bc3 27. Re2 bxc4 28. bxc4 Ne5 29. Nxc5 Qc7 30. Nxb7 Qxb7 31. Bh6 Nxc4 32. Bxf8 Rxf8 33. Qc5 Qb4 34. Qxb4 Bxb4 35. Rf4 Rc8 36.
Ree4 Bd2 37. Rxc4 1-0

[Event "*** SCC Grand Prix: Titled Tuesday Blitz"]
[Site "Chess.com"]
[Date "2020.07.21"]
[Round "5"]
[White "UCantHandleDenker"]
[Black "sewin16"]
[Result "1-0"]
[WhiteElo "2555"]
[BlackElo "2382"]
[TimeControl "180+1"]
[EndTime "10:54:21 PDT"]
[Termination "UCantHandleDenker won by resignation"]

1. Nf3 d5 2. g3 c6 3. Bg2 Nf6 4. O-O Bf5 5. d3 e6 6. Nbd2 Nbd7 7. Qe1 h6 8. e4 Bh7 9. e5 Ng8 10.
Nb3 Ne7 11. Qe2 c5 12. c4 dxc4 13. dxc4 Nc6 14. Rd1 Qc7 15. h4 Be7 16. Bf4 O-O 17.
Rd2 Rad8 18. Rad1 Nb6 19. Rd6 Bxd6 20. exd6 Qc8 21. Nxc5 Nb8 22. b4 Nxc4 23. Qxc4 b6 24. Ne5 bxc5 25. bxc5 f6 26. d7 Qa6 27. Qxa6 Nxa6 28.
Nc6 Nxc5 29. Nxd8 Rxd8 30. Bc6 e5 31. Be3 Be4 32. Bb5 Bf3 33. Bxc5 Bxd1 34. Be7 Rxd7 35.
Bxd7 1-0

[Event "*** SCC Grand Prix: Titled Tuesday Blitz"]
[Site "Chess.com"]
[Date "2020.07.21"]
[Round "5"]
[White "Matols"]
[Black "RaphCamora"]
[Result "1-0"]
[WhiteElo "2222"]
[BlackElo "2440"]
[TimeControl "180+1"]
[EndTime "10:54:22 PDT"]
[Termination "Matols won by resignation"]

1. d4 d5 2. c4 e6 3. Nf3 Nf6 4. g3 dxc4 5. Bg2 Bb4+ 6. Bd2 a5 7. O-O O-O 8. Qc2 Bxd2 9. Nbxd2 b5 10. a4 c6 11. b3 cxb3 12. Qxb3 Ba6 13. Rfc1 bxa4 14. Qd1 Bb5 15. e3 Nbd7 16. Nc4 Nd5 17. Nfe5 Nxe5 18. Nxe5 Qd6 19. Rc5 f6 20. Nc4 Bxc4 21. Rxc4 Rfb8 22. Qxa4 Nb6 23. Rxc6 Nxa4 24. Rxd6 Nc3 25. Bxa8 Rxa8 26.
Rxe6 a4 27. Rc6 Ne4 28. f3 Nd2 29. Kf2 Nb3 30. Ra3 Nc1 31. Rxc1 1-0

[Event "*** SCC Grand Prix: Titled Tuesday Blitz"]
[Site "Chess.com"]
[Date "2020.07.21"]
[Round "5"]
[White "KaterynaLagno"]
[Black "Skatchkov_V"]
[Result "1-0"]
[WhiteElo "2743"]
[BlackElo "2583"]
[TimeControl "180+1"]
[EndTime "10:54:24 PDT"]
[Termination "KaterynaLagno won by resignation"]

1. e4 e5 2. Nf3 Nf6 3. Nxe5 d6 4. Nf3 Nxe4 5. d4 d5 6. Bd3 Bd6 7. O-O O-O 8. c4 c6 9. Qb3 Na6 10. Nc3 dxc4 11. Bxc4 Nxc3 12. bxc3 Nc7 13. a4 Bg4 14. Ne5 Bxe5 15. dxe5 b5 16. axb5 cxb5 17. Bxb5 Rb8 18. Qa4 Rxb5 19. Qxg4 Rxe5 20. Rxa7 Rc5 21. Ba3 Rg5 22. Qc4 Nb5 23. Bxf8 Nxa7 24. Bb4 Nb5 25.
Re1 Qd7 26. h4 Rg6 27. Re7 Qd1+ 28. Kh2 Nd6 29. Qxf7+ 1-0

[Event "*** SCC Grand Prix: Titled Tuesday Blitz"]
[Site "Chess.com"]
[Date "2020.07.21"]
[Round "5"]
[White "Manukyan_Artak"]
[Black "keshka01"]
[Result "0-1"]
[WhiteElo "2391"]
[BlackElo "2566"]
[TimeControl "180+1"]
[EndTime "10:54:24 PDT"]
[Termination "keshka01 won by resignation"]

1. e4 Nf6 2. Nc3 e5 3. Bc4 c6 4. d3 d5 5. Bb3 dxe4 6. Nxe4 Nxe4 7. dxe4 Qxd1+ 8. Kxd1 Nd7 9. Be3 Bc5 10. Ke2 Bxe3 11. Kxe3 Nc5 12. Nf3 f6 13. Rhd1 Bg4 14. Rd2 Ke7 15.
Rad1 Bxf3 16. Kxf3 Rhd8 17. Ke3 b5 18. c3 a5 19. g3 a4 20. Bc2 Rxd2 21. Rxd2 Rd8 22. Rxd8 Kxd8 23. a3 Ke7 24. h4 Nb7 25. f4 Na5 26.
Bd3 Kd6 27. g4 Kc5 28. fxe5 fxe5 29. Kd2 Nc4+ 30. Bxc4 Kxc4 31. Kc2 c5 32. g5 g6 33. Kd2 Kb3 34. Kc1 b4 35. cxb4 cxb4 36. axb4 Kxb4 37.
Kc2 Kc4 38. Kb1 Kd4 39. Ka2 Kxe4 40. Ka3 Kd4 41. Kxa4 e4 42. b4 e3 43. b5 e2 0-1

[Event "*** SCC Grand Prix: Titled Tuesday Blitz"]
[Site "Chess.com"]
[Date "2020.07.21"]
[Round "5"]
[White "MendozaDavid2000"]
[Black "Maksat-94"]
[Result "0-1"]
[WhiteElo "2279"]
[BlackElo "2449"]
[TimeControl "180+1"]
[EndTime "10:54:25 PDT"]
[Termination "Maksat-94 won by resignation"]

1. d4 Nf6 2. c4 c5 3. d5 e6 4. Nc3 exd5 5. cxd5 Bd6 6. g3 O-O 7. Bg2 Bc7 8. Nf3 d6 9. O-O Re8 10. Nd2 a6 11. a4 Nbd7 12. Nc4 Ne5 13. Nxe5 Rxe5 14.
e4 Rb8 15. f4 Re8 16. Qd3 Bd7 17. Kh1 b5 18. axb5 axb5 19. e5 dxe5 20. d6 Bb6 21. fxe5 Rxe5 22. Bf4 c4 23. Qd2 Rh5 24. Bg5 Ng4 25.
h4 f6 26. Bd5+ Kh8 27. Bf7 Bc6+ 28. Nd5 Qxd6 29. Bf4 Rxd5 0-1

[Event "*** SCC Grand Prix: Titled Tuesday Blitz"]
[Site "Chess.com"]
[Date "2020.07.21"]
[Round "5"]
[White "Playgood28"]
[Black "Sn00pPawn"]
[Result "1-0"]
[WhiteElo "2276"]
[BlackElo "1796"]
[TimeControl "180+1"]
[EndTime "10:54:25 PDT"]
[Termination "Playgood28 won on time"]

1. d4 Nf6 2. c4 g6 3. Nc3 Bg7 4. Nf3 O-O 5. Bf4 d6 6. h3 Nbd7 7. e3 Qe8 8. Be2 e5 9. Bh2 c6 10. O-O Qe7 11. Rc1 Re8 12. dxe5 Nxe5 13. b3 Bf5 14.
Nd4 Bd7 15. Qc2 c5 16. Nf3 Bc6 17. Rfd1 Nxf3+ 18. Bxf3 Bxf3 19. gxf3 Rad8 20. Nb5 d5 21. cxd5 Nxd5 22. Qxc5 Qd7 23. Nd6 Nf6 24. Nxe8 1-0

[Event "*** SCC Grand Prix: Titled Tuesday Blitz"]
[Site "Chess.com"]
[Date "2020.07.21"]
[Round "5"]
[White "nrvignesh"]
[Black "AsaHoffmann"]
[Result "1-0"]
[WhiteElo "2768"]
[BlackElo "2432"]
[TimeControl "180+1"]
[EndTime "10:54:26 PDT"]
[Termination "nrvignesh won by resignation"]

1. d4 Nf6 2. Nf3 d6 3. g3 c6 4. Bg2 Bf5 5. O-O h6 6. c4 Nbd7 7. Nc3 e5 8. Re1 e4 9. Nd2 d5 10. Qb3 Qb6 11. cxd5 Qxb3 12. axb3 cxd5 13. Nb5 Kd8 14.
Nf1 a6 15. Bf4 g5 16. Bc7+ Ke8 17. Nd6+ Bxd6 18. Bxd6 Nb8 19. Ne3 Be6 20. f3 Nc6 21.
fxe4 Nxd4 22. exd5 Nf5 23. dxe6 Nxd6 24. Nc4 Nxc4 25. bxc4 fxe6 26. Bxb7 Rb8 27. Rxa6 Kf7 28. Ra7 Kg6 29. c5 Rh7 30. c6 Rc7 31. b4 Nd5 32. b5 Nb6 33. Ra6 Nc8 34. b6 Rcxb7 35. cxb7 Rxb7 36. Rc1 Nd6 37. Rc6 1-0

[Event "*** SCC Grand Prix: Titled Tuesday Blitz"]
[Site "Chess.com"]
[Date "2020.07.21"]
[Round "5"]
[White "Fortitudine"]
[Black "mariangie523"]
[Result "1/2-1/2"]
[WhiteElo "2287"]
[BlackElo "2024"]
[TimeControl "180+1"]
[EndTime "10:54:26 PDT"]
[Termination "Game drawn by agreement"]

1. d4 Nf6 2. Nc3 d6 3. e4 Nbd7 4. Nf3 g6 5. h3 Bg7 6. Be3 O-O 7. Qd2 c5 8. O-O-O a6 9. dxc5 Qe8 10. cxd6 exd6 11. Bf4 Nc5 12. Bd3 Ncxe4 13. Nxe4 Nxe4 14. Bxe4 Qxe4 15. Rhe1 Qa4 16. Kb1 Be6 17. b3 Qa3 18.
Qc1 Qa5 19. Bxd6 Rfc8 20. Be5 Bf5 21. Rd2 Bh6 1/2-1/2

[Event "*** SCC Grand Prix: Titled Tuesday Blitz"]
[Site "Chess.com"]
[Date "2020.07.21"]
[Round "5"]
[White "VitaliyBernadskiy"]
[Black "Fighter008"]
[Result "1-0"]
[WhiteElo "2737"]
[BlackElo "2577"]
[TimeControl "180+1"]
[EndTime "10:54:27 PDT"]
[Termination "VitaliyBernadskiy won by resignation"]

1. d4 Nf6 2. Nf3 g6 3. Nc3 Bg7 4. e4 d6 5. Be2 O-O 6. O-O c6 7. a4 Nbd7 8. Bf4 Nh5 9. Bg5 h6 10. Be3 e5 11. Qd2 Kh7 12. Rfd1 Qf6 13. g3 Qe7 14.
Nh4 Nhf6 15. Ng2 exd4 16. Bxd4 Nc5 17. f3 Ne6 18. Bf2 Rd8 19. Ne3 b6 20. h4 Bb7 21. a5 b5 22. a6 Bc8 23. Bf1 b4 24.
Na2 d5 25. exd5 Nxd5 26. Nxd5 cxd5 27. Nxb4 d4 28. Nc6 Qc7 29. Nxd8 Qxd8 30. Bg2 Rb8 31.
b3 Qb6 32. Ra4 Bxa6 33. h5 Bb5 34. hxg6+ fxg6 35. Ra2 Rc8 36. Re1 Ng5 37. f4 Nf7 38.
Re7 Rc7 39. Rxc7 Qxc7 40. Bxd4 Bxd4+ 41. Qxd4 a6 42. c4 Bd7 43. Rxa6 1-0

[Event "*** SCC Grand Prix: Titled Tuesday Blitz"]
[Site "Chess.com"]
[Date "2020.07.21"]
[Round "5"]
[White "SzMM19"]
[Black "markberk"]
[Result "1-0"]
[WhiteElo "2582"]
[BlackElo "2340"]
[TimeControl "180+1"]
[EndTime "10:54:27 PDT"]
[Termination "SzMM19 won by resignation"]

1. e4 e5 2. Nf3 d6 3. d4 exd4 4.
Nxd4 Nf6 5. Nc3 Be7 6. g3 O-O 7. Bg2 Nc6 8. Nxc6 bxc6 9. O-O Rb8 10. h3 Re8 11. Rb1 c5 12. f4 Bb7 13. Re1 Bf8 14. Qd3 Bc6 15. Be3 Rb4 16. Bf2 Qb8 17. b3 Qa8 18. a3 Rb6 19. Re2 Ra6 20. a4 Rb6 21. g4 Rb4 22. Rbe1 c4 23. bxc4 Nd7 24. Nd5 Bxd5 25.
cxd5 Rxa4 26. e5 dxe5 27. fxe5 Rf4 28. e6 fxe6 29. dxe6 Nc5 30. Bxa8 Nxd3 31. cxd3 Rxa8 32. e7 Bxe7 33. Rxe7 1-0

[Event "*** SCC Grand Prix: Titled Tuesday Blitz"]
[Site "Chess.com"]
[Date "2020.07.21"]
[Round "5"]
[White "FMOlexandrProhorov"]
[Black "PattyCastillo"]
[Result "1-0"]
[WhiteElo "2131"]
[BlackElo "1945"]
[TimeControl "180+1"]
[EndTime "10:54:31 PDT"]
[Termination "FMOlexandrProhorov won on time"]

1. Nf3 d5 2. d4 Nf6 3. c4 c6 4. Nc3 e6 5. e3 Nbd7 6. Qc2 Bd6 7. g3 O-O 8. Bg2 dxc4 9. O-O Qe7 10. a4 e5 11. Ne4 Nxe4 12. Qxe4 f5 13. Qc2 e4 14.
Nd2 b5 15. b3 cxb3 16. Qxb3+ Kh8 17. axb5 Rb8 18. Rxa7 cxb5 19. Bb2 Qe8 20. Qd5 Be7 21. Rc1 Nb6 22. Qe5 Bf6 23. Qxb8 Nc4 24. Nxc4 bxc4 25. Ba3 Rg8 26. Rxc4 Be6 27. Qxe8 Rxe8 28. Rcc7 h6 29. h4 Bb3 30. Bh3 Be6 31. Bd6 Kg8 32. Be5 Bxe5 33. dxe5 g6 34. Rg7+ Kh8 35. Rxg6 1-0

[Event "*** SCC Grand Prix: Titled Tuesday Blitz"]
[Site "Chess.com"]
[Date "2020.07.21"]
[Round "5"]
[White "PavelShkapenko"]
[Black "promen1999"]
[Result "1-0"]
[WhiteElo "2639"]
[BlackElo "2818"]
[TimeControl "180+1"]
[EndTime "10:54:32 PDT"]
[Termination "PavelShkapenko won by checkmate"]

1. e4 c5 2. c3 Qa5 3. Nf3 Nc6 4. a3 Nf6 5. e5 Nd5 6. Bc4 Nb6 7.
Ba2 c4 8. Qe2 d5 9. exd6 Be6 10.
O-O exd6 11. d4 Be7 12. Nbd2 O-O 13. Ne4 h6 14. Bf4 Rad8 15. Rfe1 Rfe8 16. Ng3 Bf8 17. Qc2 Qa4 18. Qd2 Bd5 19. Nh4 Na5 20. Nhf5 Qc6 21. f3 Nb3 22. Bxb3 cxb3 23. Nh5 Nc4 24. Qf2 Kh8 25.
Qh4 Rxe1+ 26. Rxe1 Re8 27. Rxe8 Qxe8 28. Nhxg7 Qe2 29. Bxh6 Kg8 30. Nh5 Bxh6 31. Nf6+ Kf8 32. Qxh6# 1-0

[Event "*** SCC Grand Prix: Titled Tuesday Blitz"]
[Site "Chess.com"]
[Date "2020.07.21"]
[Round "5"]
[White "wild_cat99"]
[Black "Happy1712Drummer"]
[Result "0-1"]
[WhiteElo "2604"]
[BlackElo "2436"]
[TimeControl "180+1"]
[EndTime "10:54:32 PDT"]
[Termination "Happy1712Drummer won by resignation"]

1. Nf3 Nf6 2. c4 e6 3. e3 d5 4. b3 a5 5. Bb2 Be7 6. g3 a4 7. Bg2 a3 8. Bc3 c5 9. O-O Nc6 10. Qe2 d4 11. exd4 cxd4 12. b4 dxc3 13. dxc3 O-O 14. c5 Nd5 15. b5 Na5 16. c4 Nb4 17. Nxa3 Bxc5 18. Rfd1 Qe7 19. h4 f6 20. Re1 e5 21. Nd2 Bd4 22. Rab1 Nxa2 23. Qd3 Nc3 24. Qxd4 Qxa3 25. Ra1 Qxa1 26. Qd5+ Nxd5 27. Bxd5+ Kh8 28. Rxa1 Bf5 29. f3 h5 30. Kf2 Bh7 31. g4 Bg8 32.
gxh5 Bxd5 33. cxd5 b6 34. Ne4 Rfd8 35. d6 Nb7 36. Rd1 Ra4 37. d7 Rd4 0-1

[Event "*** SCC Grand Prix: Titled Tuesday Blitz"]
[Site "Chess.com"]
[Date "2020.07.21"]
[Round "5"]
[White "Gorin_Leonid"]
[Black "Twitch_ElhamBlitz05"]
[Result "1-0"]
[WhiteElo "2585"]
[BlackElo "2782"]
[TimeControl "180+1"]
[EndTime "10:54:33 PDT"]
[Termination "Gorin_Leonid won by resignation"]

1. e4 c6 2. d4 d5 3. Nd2 dxe4 4. Nxe4 Nf6 5. Nxf6+ exf6 6. c3 Bd6 7. Bd3 O-O 8. Qc2 h5 9. Ne2 Re8 10. O-O h4 11.
Bf4 h3 12. g3 Bg4 13. f3 Be6 14. Bxd6 Qxd6 15. Nf4 Nd7 16. Bf5 Nf8 17. Nxe6 fxe6 18. Bxh3 c5 19. Rad1 Rad8 20. Qf2 c4 21. f4 Qa6 22. a3 b5 23. Rfe1 Qb6 24. Re2 a5 25. Rde1 Kf7 26. f5 exf5 27. Qxf5 Rxe2 28. Rxe2 b4 29.
Bg2 Qd6 30. Qxa5 bxc3 31. bxc3 g5 32. Qb5 Kg7 33. Qxc4 Rb8 34. Qc5 Qa6 35. Qc7+ Kg6 36. Be4+ Kh5 37. Rf2 Rb2 1-0

[Event "*** SCC Grand Prix: Titled Tuesday Blitz"]
[Site "Chess.com"]
[Date "2020.07.21"]
[Round "5"]
[White "Sjakkerntobi"]
[Black "icychess54"]
[Result "1-0"]
[WhiteElo "2419"]
[BlackElo "2270"]
[TimeControl "180+1"]
[EndTime "10:54:37 PDT"]
[Termination "Sjakkerntobi won by resignation"]

1. e4 c5 2. Nf3 d6 3. d4 cxd4 4. Qxd4 Nc6 5. Bb5 Bd7 6. Bxc6 Bxc6 7. Nc3 Nf6 8. Bg5 e6 9. O-O-O Be7 10. Qd3 Qc7 11.
Nd4 Bd7 12. f4 a6 13. Rhe1 b5 14. e5 dxe5 15. fxe5 Ng8 16. Bxe7 Nxe7 17. Ne4 O-O 18.
Qg3 Kh8 19. Qh4 Nf5 20. Nxf5 exf5 21. Nf6 gxf6 22. Qxf6+ Kg8 23. Re3 f4 24. Qxf4 f5 25.
Qg5+ Kh8 26. Rg3 Bc6 27. e6 Be4 28. c3 Rad8 29. Rxd8 Rxd8 30. Qf6+ 1-0

[Event "*** SCC Grand Prix: Titled Tuesday Blitz"]
[Site "Chess.com"]
[Date "2020.07.21"]
[Round "5"]
[White "dolynachess"]
[Black "queen_iryna"]
[Result "1-0"]
[WhiteElo "2463"]
[BlackElo "2277"]
[TimeControl "180+1"]
[EndTime "10:54:38 PDT"]
[Termination "dolynachess won by resignation"]

1. d4 d6 2. c4 e5 3. e3 Nd7 4. Nc3 g6 5. Nf3 Bg7 6. Be2 Ne7 7. O-O O-O 8. b4 exd4 9. exd4 c5 10. a3 Nf5 11.
Bg5 f6 12. Bc1 Nxd4 13. Nxd4 cxd4 14. Nb5 f5 15. Bb2 Ne5 16. Bxd4 f4 17. f3 Bf5 18. Bxa7 Nc6 19. Bf2 Bxa1 20. Qxa1 Qg5 21. Kh1 Nxb4 22. c5 Nc2 23. Bc4+ Rf7 24. Bxf7+ Kxf7 25. Nxd6+ Ke6 26. Qa2+ Kd7 27. Qf7+ Qe7 28. Qd5 Be6 29. Qxb7+ Kd8 30. Qxa8+ 1-0

[Event "*** SCC Grand Prix: Titled Tuesday Blitz"]
[Site "Chess.com"]
[Date "2020.07.21"]
[Round "5"]
[White "j2806"]
[Black "Duong57"]
[Result "0-1"]
[WhiteElo "2047"]
[BlackElo "2305"]
[TimeControl "180+1"]
[EndTime "10:54:42 PDT"]
[Termination "Duong57 won by resignation"]

1. e4 c5 2. Nf3 d6 3. d4 cxd4 4.
Nxd4 Nf6 5. Nc3 a6 6. Be3 e5 7. Nb3 Be6 8. f3 Be7 9. Qd2 Nbd7 10.
O-O-O O-O 11. g4 b5 12. h4 Nb6 13. h5 b4 14. Nb1 Nfd7 15. Qxb4 d5 16. Qe1 d4 17. Bf2 Qc7 18. Bd3 Nc4 19. N1d2 Nxd2 20. Qxd2 a5 21. Kb1 a4 22. Nc1 Rfb8 23. b3 Bb4 24. Qe2 Bc3 25. Be1 Qc5 26. Bxc3 dxc3 27. Bc4 Qa3 28. Nd3 Bxc4 0-1

[Event "*** SCC Grand Prix: Titled Tuesday Blitz"]
[Site "Chess.com"]
[Date "2020.07.21"]
[Round "5"]
[White "Zhuu96"]
[Black "AlexOstrovskiy"]
[Result "0-1"]
[WhiteElo "2784"]
[BlackElo "2621"]
[TimeControl "180+1"]
[EndTime "10:54:43 PDT"]
[Termination "AlexOstrovskiy won on time"]

1. d4 e6 2. e4 d5 3. Nc3 h6 4. h4 Nf6 5. e5 Nfd7 6. f4 c5 7.
Nf3 Nc6 8. Be3 a6 9. Qd2 b5 10. g4 cxd4 11. Nxd4 Nxd4 12. Bxd4 Nc5 13. Qe3 Qc7 14.
a3 Bd7 15. O-O-O Rb8 16. Bg2 a5 17. Nxd5 exd5 18. f5 Ne4 19. Bxe4 dxe4 20. e6 Bc6 21. Qc3 f6 22. Bxf6 gxf6 23. Kb1 Be7 24. Rd7 Qb6 0-1

[Event "*** SCC Grand Prix: Titled Tuesday Blitz"]
[Site "Chess.com"]
[Date "2020.07.21"]
[Round "5"]
[White "PavelChernomordik"]
[Black "bmt011"]
[Result "1-0"]
[WhiteElo "2348"]
[BlackElo "2131"]
[TimeControl "180+1"]
[EndTime "10:54:45 PDT"]
[Termination "PavelChernomordik won by checkmate"]

1. e4 e6 2. Qe2 b6 3. d4 Bb7 4. c4 Bb4+ 5. Bd2 Bxd2+ 6. Nxd2 c5 7. d5 e5 8. g3 Nf6 9. f4 d6 10. Ngf3 Nbd7 11. O-O-O a6 12. Bh3 b5 13. Kb1 Qa5 14.
fxe5 dxe5 15. g4 h6 16. g5 hxg5 17. Nxg5 Qb6 18. Rhf1 Bc8 19. d6 Qxd6 20. cxb5 axb5 21. Nc4 Qa6 22. Nd6+ Ke7 23. b3 c4 24. Ndxf7 Rh4 25. Qf2 Rxh3 26. Nxh3 Kxf7 27. Ng5+ Ke7 28. Rd2 cxb3 29. Rfd1 Qa7 30. Qf5 bxa2+ 31. Ka1 b4 32. Qe6+ Kd8 33. Nf7+ Kc7 34. Qd6+ Kb7 35. Nd8# 1-0

[Event "*** SCC Grand Prix: Titled Tuesday Blitz"]
[Site "Chess.com"]
[Date "2020.07.21"]
[Round "5"]
[White "DonBroca"]
[Black "ambaixador"]
[Result "0-1"]
[WhiteElo "2083"]
[BlackElo "2317"]
[TimeControl "180+1"]
[EndTime "10:54:48 PDT"]
[Termination "ambaixador won on time"]

1. e4 c5 2. Nf3 d6 3. d4 cxd4 4. Nxd4 Nf6 5. Nc3 a6 6. Bg5 e6 7. f4 Be7 8. Qf3 Nbd7 9. O-O-O Qc7 10. g4 h6 11. Bh4 g5 12. fxg5 Ne5 13. Qe2 Nfxg4 14.
h3 hxg5 15. hxg4 Rxh4 16. Rxh4 gxh4 17. Bh3 Bd7 18. Rf1 O-O-O 19. Nf3 Nxf3 20. Qxf3 Bg5+ 21. Kb1 f6 22. Bg2 Bc6 23. Qe2 Kb8 24. a3 Qa5 25. Qd3 Qe5 26. a4 Rh8 27. Bh1 h3 28. Rd1 Kc7 29.
b4 b5 30. axb5 axb5 31. Kb2 h2 32. Ra1 Kb6 33. Qe2 Qd4 34. Rd1 Qxb4+ 0-1

[Event "*** SCC Grand Prix: Titled Tuesday Blitz"]
[Site "Chess.com"]
[Date "2020.07.21"]
[Round "5"]
[White "AJSC02"]
[Black "Josip_buje"]
[Result "0-1"]
[WhiteElo "2082"]
[BlackElo "2274"]
[TimeControl "180+1"]
[EndTime "10:54:49 PDT"]
[Termination "Josip_buje won on time"]

1. e4 Nf6 2. e5 Nd5 3. d4 d6 4. c4 Nb6 5. exd6 exd6 6. Nc3 Nc6 7. d5 Ne5 8. f4 Ng6 9. Nf3 Be7 10. Bd3 O-O 11. O-O Bg4 12. h3 Bd7 13. b3 Bf6 14.
Qc2 a5 15. Bd2 a4 16. b4 a3 17. Rae1 Re8 18. Ne4 Ba4 19. Qb1 Bb2 20. Ng3 Nh4 21.
Bxh7+ Kh8 22. Bd3 Nxf3+ 23. Rxf3 Qh4 24. Nf5 Qf6 25. Rfe3 Rxe3 26. Bxe3 Bd7 27. Ng3 Bd4 28. Qc1 Re8 29. Ne4 Bxe3+ 30. Qxe3 Qh4 31. Qf2 Qxf2+ 32. Kxf2 Bf5 33. Nc5 Rxe1 34. Kxe1 dxc5 35. Bxf5 cxb4 36.
Kd2 Nxc4+ 37. Kd3 b3 0-1

[Event "*** SCC Grand Prix: Titled Tuesday Blitz"]
[Site "Chess.com"]
[Date "2020.07.21"]
[Round "5"]
[White "pavelalexandru07"]
[Black "ferdipy"]
[Result "1-0"]
[WhiteElo "2141"]
[BlackElo "2325"]
[TimeControl "180+1"]
[EndTime "10:54:51 PDT"]
[Termination "pavelalexandru07 won by resignation"]

1. e4 e6 2. d4 d5 3. Nc3 Bb4 4. e5 c5 5. a3 Bxc3+ 6. bxc3 Ne7 7. Qg4 Qc7 8. Qxg7 Rg8 9. Qxh7 cxd4 10. Bd2 dxc3 11. Bf4 Nbc6 12. Nf3 Bd7 13. Bd3 O-O-O 14. Bg3 Rdf8 15. O-O d4 16. Be4 Kb8 17. Rfd1 Ka8 18. Nxd4 Nxd4 19. Rxd4 Bc6 20. Rc4 Nd5 21. Bxd5 exd5 22. Rxc3 d4 23. Rc4 Rxg3 24. hxg3 Qxe5 25. Qd3 Qd5 26. f3 Rd8 27. Rd1 Qh5 28. Rxd4 Rxd4 29. Qxd4 a6 30. Re1 Qa5 31. Rd1 Qxa3 32. Qb6 Qe7 33. Rd8+ 1-0

[Event "*** SCC Grand Prix: Titled Tuesday Blitz"]
[Site "Chess.com"]
[Date "2020.07.21"]
[Round "5"]
[White "Giraffe_Chess"]
[Black "politeplayer"]
[Result "1-0"]
[WhiteElo "2400"]
[BlackElo "2205"]
[TimeControl "180+1"]
[EndTime "10:54:52 PDT"]
[Termination "Giraffe_Chess won by resignation"]

1. d4 Nf6 2. c4 c5 3. d5 e6 4. Nc3 exd5 5. cxd5 d6 6. e4 g6 7.
Nge2 Bg7 8. Ng3 O-O 9. Be2 a6 10. a4 Nbd7 11. O-O Re8 12. f4 c4 13. e5 dxe5 14. f5 Qb6+ 15. Kh1 Qb3 16. Qe1 Nc5 17. Bg5 Nfd7 18. Qd2 e4 19. Bh6 Nd3 20. Bxg7 Kxg7 21. Ngxe4 Qxb2 22. f6+ Nxf6 23. Qxb2 Nxe4 24. Bxd3 Nd6 25.
Ne4+ f6 26. Nxd6 1-0

[Event "*** SCC Grand Prix: Titled Tuesday Blitz"]
[Site "Chess.com"]
[Date "2020.07.21"]
[Round "5"]
[White "m-garcett"]
[Black "ExcitingTrap"]
[Result "0-1"]
[WhiteElo "2044"]
[BlackElo "2209"]
[TimeControl "180+1"]
[EndTime "10:54:54 PDT"]
[Termination "ExcitingTrap won by resignation"]

1. e4 e5 2. Nf3 Nc6 3. Bc4 Bc5 4. b4 Bxb4 5. c3 Bc5 6. d4 exd4 7. O-O Nf6 8. e5 Ng4 9. cxd4 Bb6 10. Ng5 Nh6 11. Be3 O-O 12. Qd3 g6 13. Ne4 Nf5 14. Nf6+ Kg7 15. g4 Nfxd4 16. Bh6+ Kh8 17. Qh3 Nxe5 18. g5 Rg8 19. Nxh7 d5 20. Qh4 Ndf3+ 21. Kh1 Nxh4 22.
Nf6 0-1